 Dungeon Crawl Stone Soup version 0.28-a0-1429-gf3d713df7a (webtiles) character file.

Game seed: 13877511571764313293

546 HallandMoats the Shield-Bearer (level 7, 0/54 HPs)
             Began as a Demonspawn Fighter on Jan 9, 2022.
             Killed from afar by a steam dragon (16 damage)
             ... with a ball of steam
             ... on level 4 of the Dungeon.
             The game lasted 00:05:57 (3888 turns).

HallandMoats the Shield-Bearer (Demonspawn Fighter) Turns: 3888, Time: 00:05:58

Health: 0/54       AC:  4    Str: 19    XL:     7   Next: 6%
Magic:  7/7        EV: 12    Int:  9    God:
Gold:   240        SH:  5    Dex: 12    Spells: 6/6 levels left

rFire   . . .      SeeInvis .   f - +0 dagger (venom)
rCold   . . .      Faith    .   c - +0 buckler
rNeg    . . .      Spirit   .   n - +0 troll leather armour {Pargi}
rPois   .          Reflect  .   (no helmet)
rElec   .          Harm     .   (no cloak)
rCorr   .          Rampage  .   (no gloves)
Will    .....                   (no boots)
Stlth   +.........              r - amulet of regeneration
HPRegen 0.98/turn               (no ring)
MPRegen 0.10/turn               (no ring)

@: no status effects
A: hooves 1, sturdy frame 3, condensation shield
a: no special abilities


You were on level 4 of the Dungeon.
You visited 1 branch of the dungeon, and saw 5 of its levels.

You collected 240 gold pieces.

Inventory:

Hand Weapons
 a - a +0 war axe
 f - a +0 dagger of venom (weapon)
Armour
 b - a +0 scale mail
 c - a +0 buckler (worn)
 n - a +0 troll leather armour (worn) {Pargi}
Jewellery
 d - the amulet "Leschosu" {Faith Int+3}
   (You found it on level 3 of the Dungeon)

   [amulet of faith]

   It allows you to gain divine favour quickly.
   Int:       It affects your intelligence (+3).
 m - a ring of protection from fire
 o - a ring of poison resistance
 r - an amulet of regeneration (around neck)
Scrolls
 e - a scroll of enchant weapon {unknown}
 i - a scroll of identify {unknown}
 j - a scroll of vulnerability {unknown}
 k - a scroll of blinking {unknown}
 l - 3 scrolls of teleportation {unknown}
 p - a scroll of acquirement {unknown}
Potions
 g - a potion of haste {unknown}
 h - a potion of mutation {unknown}
 q - a potion of heal wounds {unknown}


   Skills:
 + Level 4.2 Fighting
 + Level 3.2 Axes
 + Level 3.8 Armour
 + Level 2.5 Dodging
 * Level 4.8 Shields


You had 6 spell levels left.
You didn't know any spells.
Your spell library contained the following spells:

 Spells                   Type           Power      Damage    Failure   Level
 Apportation              Tloc           0%         N/A       45%         1
 Alistair's Intoxication  Tmut/Pois      0%         N/A       100%        5


Dungeon Overview and Level Annotations

Branches:
Dungeon (5/15)
 Temple: D:4-7

Altars:
Xom

Annotations:
D:3 1 runed translucent door, Crazy Yiuf


Innate Abilities, Weirdness & Mutations

You have large cloven feet.
Your movements are significantly less encumbered by armour. (ER -6)
A meltable shield of frost defends you. (SH +0)


Message History

You see here a +0 hand axe.
There is a fountain of clear blue water here.
There is a shimmering altar of Xom here.
There is a shimmering altar of Xom here.
There is a fountain of clear blue water here.
r - an amulet of regeneration No target in view!
l - 3 scrolls labelled RICSIBATWO (gained 1)
A steam dragon comes into view.
The steam dragon hisses angrily.
The steam dragon breathes steam at you. The ball of steam hits you!
Your condensation shield dissipates!
The steam dragon moves out of view.
No target in view!
You're standing in a cloud of steam!
No target in view!
You're standing in a cloud of steam!
No target in view!
You're standing in a cloud of steam!
You start putting on your amulet.
You continue putting on your amulet of regeneration. x3
The steam dragon bites you!
Keep equipping yourself? [Y]es or [N]o only, please.
Keep equipping yourself?
You block the steam dragon's attack.
You continue putting on your amulet of regeneration.
The steam dragon bites you. The steam dragon claws you.
You continue putting on your amulet of regeneration.
The steam dragon breathes steam at you. The ball of steam hits you!
You finish putting on your amulet of regeneration.
The amulet cannot attune itself to your injured body.
r - an amulet of regeneration (around neck)
You are engulfed in a cloud of scalding steam.
* * * LOW HITPOINT WARNING * * *
The steam dragon breathes steam at you. The ball of steam hits you!
You die...

#. ####.#####
#....§§D§#
#.##.###§#
##. #..##@#
.. #.###.##.#
#. #........#
#.#
#####.####
#.. ##.#.# ..
##..
##....###..D.
####...
#.......'D...
+......
##....###....
####...
##.#.# ..
##..


You could see a steam dragon (catching breath).

Vanquished Creatures
  Sigmund (D:2)
  Pargi (D:3)
  2 kobold brigands (D:3)
  Jessica (D:2)
  4 adders
  4 worms
  A dart slug (D:1)
  An orc (D:3)
  7 bats
  8 endoplasms
  6 giant cockroaches
  4 goblins
  6 hobgoblins
  2 jackals (D:3)
  13 kobolds
  7 quokkas
  10 ball pythons
  6 frilled lizards
  9 rats
93 creatures vanquished.

Vanquished Creatures (others)
  10 toadstools (D:4)
10 creatures vanquished.

Grand Total: 103 creatures vanquished

Notes
Turn   | Place    | Note
-------+----------+-------------------------------------------
     0 | D:1      | HallandMoats the Demonspawn Fighter began the quest for the
                  | Orb.
     0 | D:1      | Reached XP level 1. HP: 18/18 MP: 1/1
   265 | D:1      | Gained mutation: A meltable shield of frost defends you.
                  | (SH +0) [demonic ancestry]
   265 | D:1      | Reached XP level 2. HP: 24/24 MP: 2/2
   659 | D:1      | Gained mutation: Your movements are slightly less
                  | encumbered by armour. (ER -2) [demonic ancestry]
   659 | D:1      | Reached XP level 3. HP: 21/29 MP: 3/3
  1339 | D:2      | Reached skill level 1 in Dodging
  1580 | D:2      | Gained mutation: Your movements are less encumbered by
                  | armour. (ER -4) [demonic ancestry]
  1580 | D:2      | Reached XP level 4. HP: 34/35 MP: 4/4
  1583 | D:2      | Noticed Jessica
  1589 | D:2      | Killed Jessica
  1864 | D:2      | Noticed Sigmund
  1877 | D:2      | Killed Sigmund
  1878 | D:2      | Gained mutation: You have large cloven feet. [demonic
                  | ancestry]
  1878 | D:2      | Reached XP level 5. HP: 17/42 MP: 5/5
  2117 | D:3      | Reached XP level 6. HP: 47/48 MP: 6/6
  2197 | D:3      | Noticed Pargi
  2226 | D:3      | Killed Pargi
  2561 | D:3      | Identified the amulet "Leschosu" {Faith Int+3}
  2679 | D:3      | Found a faded altar of an unknown god.
  2728 | D:3      | Gained mutation: Your movements are significantly less
                  | encumbered by armour. (ER -6) [demonic ancestry]
  2728 | D:3      | Reached XP level 7. HP: 54/54 MP: 7/7
  2987 | D:3      | Found a runed translucent door.
  2988 | D:3      | Noticed Crazy Yiuf
  3378 | D:4      | You fall into a shaft and drop 1 floor!
  3378 | D:5      | Entered Level 5 of the Dungeon
  3466 | D:4      | Found a shimmering altar of Xom.
  3478 | D:4      | Found a shimmering altar of Xom.
  3479 | D:4      | Found a shimmering altar of Xom.
  3479 | D:4      | Found a shimmering altar of Xom.
  3480 | D:4      | Found a shimmering altar of Xom.
  3482 | D:4      | Found a shimmering altar of Xom.
  3869 | D:4      | Noticed a steam dragon
  3888 | D:4      | Killed from afar by a steam dragon

Illustrated notes

Levels and vault maps discovered:
D:1:      minmay_arrival_cross, layout_basic, minmay_misc_feat_room,
          minivault_25, minmay_quantized
D:2:      layout_basic, uniq_sigmund, uniq_jessica
D:3:      cheibrodos_thug_alley, layout_loops_ring, gup_sewer_entry_pipe,
          chequers_ecumenical_altar_simple_redux, uniq_pargi,
          uniq_crazy_yiuf_cottage
D:4:      cheibrodos_fertilizer, layout_loops_corners, xom_redecorated
D:5:      layout_cave_pools, moated_statue, hangedman_decor_push, uniq_pikel,
          uniq_eustachio

Skill      XL: |  1  2  3  4  5  6 |
---------------+-------------------+-----
Axes           | 2 3 |  3.2
Shields        | 3 4 |  4.8
Armour         | 3 |  3.8
Dodging        | 1 2 |  2.5
Fighting       | 4 |  4.2

Action                   |  1- 3 |  4- 6 |  7- 9 || total
-------------------------+-------+-------+-------++-------
Melee: War axe           |    14 |       |       ||    14
       Dagger            |   125 |   106 |    42 ||   273
       Kick              |       |    19 |    15 ||    34
  Use: Potion            |       |     5 |       ||     5
 Stab: Sleeping          |       |       |     2 ||     2
Armor: Scale mail        |    33 |    26 |       ||    59
       Skin              |       |    27 |       ||    27
       Troll leather arm |       |     4 |     6 ||    10
Dodge: Dodged            |    49 |    51 |    13 ||   113
Block: Buckler           |    61 |    42 |    12 ||   115

Table legend: (Time is in decaauts)
 A = Elapsed time spent in this place.
 B = Non-inter-level travel time spent in this place.
 C = Inter-level travel time spent in this place.
 D = Time resting spent in this place.
 E = Time spent auto-exploring this place.
 F = Levels seen in this place.
 G = Mean time per level.
                   A        B        C        D        E       F      G
               +--------+--------+--------+--------+--------+-----+--------+
         Total |   3922 |   3798 |    124 |     33 |   3060 |   5 |  784.4 |
       Dungeon |   3922 |   3798 |    124 |     33 |   3060 |   5 |  784.4 |
               +--------+--------+--------+--------+--------+-----+--------+

Top non-repeatable levels by time:
     D:3: 1297 daAuts
     D:2: 1093 daAuts
     D:1: 1019 daAuts
     D:4: 500 daAuts
     D:5: 10 daAuts
